 Dungeon Crawl Stone Soup version 0.20.1-1-g8b1a95d (webtiles) character file.

386 Irenicus the Chopper (level 6, -3/52 HPs)
             Began as a Deep Dwarf Skald on Oct 23, 2017.
             Killed from afar by an orc wizard (4 damage)
             ... with a puff of flame
             ... on level 4 of the Dungeon.
             The game lasted 00:09:25 (2451 turns).

Irenicus the Chopper (Deep Dwarf Skald)             Turns: 2451, Time: 00:09:26

Health: -3/52      AC:  5    Str: 14    XL:     6   Next: 48%
Magic:  3/5        EV: 12    Int: 14    God:
Gold:   196        SH:  0    Dex: 14    Spells: 6/9 levels left

rFire    . . .     SeeInvis .   a - +0 hand axe
rCold    . . .     Gourm    .   (no shield)
rNeg     . . .     Faith    .   b - +0 leather armour
rPois    .         Spirit   .   w - +0 helmet (curse)
rElec    .         Reflect  .   k - scarf {repulsion}
rCorr    .         Harm     .   m - +0 pair of gloves
MR       .....                  (no boots)
Stlth    +.........             (no amulet)
Regen    0.0/turn               (no ring)
MPRegen  0.1/turn               (no ring)

@: singing, non-regenerating, repel missiles
A: damage resistance, heal wounds, sense surroundings 1, no regeneration
a: Heal Wounds


You were on level 4 of the Dungeon.
You were not hungry.

You visited 1 branch of the dungeon, and saw 4 of its levels.

You collected 196 gold pieces.

Inventory:

Hand Weapons
 a - a +0 hand axe (weapon)
Missiles
 i - 8 javelins (quivered)
Armour
 b - a +0 leather armour (worn)
 k - a scarf of repulsion (worn)
 m - a +0 pair of gloves (worn)
 n - a +0 cloak
 v - a +2 shield
 w - a cursed +0 helmet (worn)
Wands
 t - a wand of polymorph (1/24)
Scrolls
 e - 4 scrolls of identify
 h - 3 scrolls of blinking
 l - 5 scrolls of teleportation {unknown}
 o - a scroll of enchant weapon {unknown}
 p - 2 scrolls of random uselessness {unknown}
 x - 2 scrolls of remove curse
Potions
 f - 2 potions of cancellation
 g - a potion of curing
 s - a potion of invisibility
Books
 c - a book of Battle

   Spells                             Type                      Level
   a - Infusion                       Charms                       1
   b - Shroud of Golubria             Charms/Translocation         2
   c - Song of Slaying                Charms                       2
   d - Spectral Weapon                Hexes/Charms                 3
   e - Regeneration                   Charms/Necromancy            3
Comestibles
 d - 3 bread rations
 j - 5 royal jellies
 q - a meat ration


   Skills:
 - Level 2.0 Fighting
 + Level 7.3 Axes
 - Level 1.1 Armour
 - Level 2.1 Dodging
 - Level 2.0 Spellcasting
 - Level 3.0 Charms


You had 6 spell levels left.
You knew the following spells:

 Your Spells              Type           Power        Failure   Level  Hunger
a - Infusion              Chrm           #...         9%          1    ##.....
b - Song of Slaying       Chrm           #.......     13%         2    ###....


Dungeon Overview and Level Annotations

Branches:
Dungeon (4/15)
 Temple: D:4-7

Altars:
Yredelemnul

Shops:
D:4 ?

Annotations:
D:2 exclusion: door


Innate Abilities, Weirdness & Mutations

You are resistant to damage.
You can heal yourself by infusing magical energy.
You passively map a small area around you.
You do not regenerate.


Message History

The orc wizard points at you and mumbles some strange words.
You easily resist.
Casting: Song of Slaying
Confirm with . or Enter, or press ? or * to list all spells.
You start singing a song of slaying.
The orc wizard hits you with a dagger.
The orc wizard gestures at you while chanting.
The magic dart hits you!
* * * LOW HITPOINT WARNING * * *
Unknown command.
You fail to use your ability.
The orc wizard hits you with a dagger. The orc wizard casts a spell at you.
The magic dart hits you!
* * * LOW HITPOINT WARNING * * *
The hound pauses to sniff the ground.
You hit the orc wizard.
The orc wizard is lightly wounded.
You hit the orc wizard but do no damage.
The orc wizard gestures at you while chanting.
The puff of flame hits you!
You die...

, ,, * * , ... , , ,
... *#, ..# #># #.
#<.* #.# .. .h #.#
######## * , .###.#a*
#.# #......# #
.....so####.#
#......### ,#o@.)..#
#......##. , *
#...$..###......##.
#..................
..........###......##.
##.#......# #......##.
* , .....###..#
#..>...##. *######
#.## #......##. *#.#
#......##. ..#
#########.


You could see a hound, a worker ant, 2 orc wizards and a giant cockroach.

Vanquished Creatures
  2 orc priests (D:4)
  A hound (D:4)
  5 orc wizards
  A centaur skeleton (D:4)
  Terence (D:2)
  3 adders
  An ooze (D:1)
  A worm (D:3)
  4 dart slugs
  12 orcs
  3 giant cockroaches
  5 hobgoblins
  4 jackals (D:1)
  4 kobolds
  2 bats
  4 frilled lizards
  8 goblins
  6 rats
  A spectral orc (D:2)
68 creatures vanquished.

Notes
Turn   | Place    | Note
-------+----------+-------------------------------------------
     0 | D:1      | Irenicus the Deep Dwarf Skald began the quest for the Orb.
     0 | D:1      | Reached XP level 1. HP: 19/19 MP: 3/3
   106 | D:1      | Reached XP level 2. HP: 23/26 MP: 4/4
   703 | D:2      | Found a basalt altar of Yredelemnul.
   900 | D:2      | Reached skill level 3 in Axes
   914 | D:2      | Reached XP level 3. HP: 20/32 MP: 6/6
   918 | D:2      | Learned a level 2 spell: Song of Slaying
  1011 | D:2      | Noticed Terence
  1214 | D:2      | Killed Terence
  1214 | D:2      | Reached skill level 4 in Axes
  1214 | D:2      | Reached XP level 4. HP: 18/39 MP: 0/7
  1686 | D:3      | Reached skill level 5 in Axes
  1869 | D:3      | Reached XP level 5. HP: 26/45 MP: 4/6
  2233 | D:4      | Found Duezal's Magic Scroll Shop.
  2274 | D:4      | Reached skill level 6 in Axes
  2319 | D:4      | HP: 1/45 [orc wizard/puff of frost (5)]
  2331 | D:4      | Reached XP level 6. HP: 16/52 MP: 2/5
  2365 | D:4      | Reached skill level 7 in Axes
  2450 | D:4      | HP: 1/52 [orc wizard/magic dart (9)]
  2451 | D:4      | Killed from afar by an orc wizard

Skill      XL: |  1  2  3  4  5  6 |
---------------+-------------------+-----
Fighting       | 2 |  2.0
Charms         | 3 |  3.0
Spellcasting   | 2 |  2.0
Axes           | 3 4 5 6 7 |  7.3
Armour         | |  1.1
Dodging        | |  2.1

Action                   |  1- 3 |  4- 6 || total
-------------------------+-------+-------++-------
Melee: Hand axe          |   121 |   165 ||   286
       Unarmed           |    17 |       ||    17
 Cast: Infusion          |     4 |     6 ||    10
       Song of Slaying   |     2 |     7 ||     9
 Abil: Heal Wounds       |     1 |     6 ||     7
  Use: Potion            |       |     6 ||     6
       Scroll            |       |     2 ||     2
  Eat: Chunk             |     1 |     5 ||     6
Armor: Leather armour    |    35 |    42 ||    77
       Skin              |     2 |       ||     2
Dodge: Dodged            |    79 |    89 ||   168
       Deflected         |     1 |     1 ||     2
